 Dungeon Sprint DCSS version 0.26-a0-708-g17f3b190f9 (webtiles) character file.

Game seed: 3065340171886990666

9091 olmar the Metallomancer (level 11, -4/81 HPs)
             Began as a Deep Dwarf Earth Elementalist on Oct 27, 2020.
             Was an Initiate of Gozag.
             Slain by a phantasmal warrior (32 damage)
             ... in the Dungeon (Sprint VII: "The Pits").
             The game lasted 00:07:31 (1197 turns).

olmar the Metallomancer (DDEE)                      Turns: 1197, Time: 00:07:31

Health: -4/81      AC:  3    Str: 16      XL:     11   Next: 18%
Magic:  7/30       EV: 13    Int: 17 (18) God:    Gozag
Gold:   2895       SH:  0    Dex: 15 (16) Spells: 35/41 levels left

rFire    . . .     SeeInvis .   (no weapon)
rCold    . . .     Faith    .   (no shield)
rNeg     . . .     Spirit   .   c - +0 robe
rPois    .         Reflect  .   (no helmet)
rElec    .         Harm     .   (no cloak)
rCorr    .         Rampage  .   (no gloves)
MR       .....     NoTele   +   o - +0 pair of boots
Stlth    ++........             (no amulet)
HPRegen  0.00/turn              f - +3 ring of dexterity
MPRegen  0.22/turn              m - +3 ring of strength

@: vulnerable, gold aura, non-regenerating
A: damage resistance, heal wounds, sense surroundings 2, no regeneration
a: Heal Wounds, Potion Petition, Call Merchant, Bribe Branch, Renounce Religion


You were in the Dungeon.
You worshipped Gozag.
Gozag was most pleased with you.
You visited 1 branch You collected 4356 gold pieces.
You spent 780 gold pieces at shops.
You paid 681 gold pieces to Gozag.

Inventory:

Missiles
 b - 9 stones (quivered)
Armour
 c - a +0 robe (worn)
 o - a +0 pair of boots (worn)
Jewellery
 f - a +3 ring of dexterity (left hand)
 m - a +3 ring of strength (right hand)
Scrolls
 j - 3 scrolls of remove curse
 k - 5 scrolls of amnesia
Potions
 a - 2 potions of invisibility
 d - a potion of heal wounds
 e - 3 potions of curing
 g - a potion of magic
 h - 2 potions of berserk rage
 n - a potion of resistance
Miscellaneous
 q - a tin of tremorstones (3/3)
 r - a box of beasts (inert)


   Skills:
 - Level 2.1 Dodging
 - Level 2.4 Stealth
 + Level 15.7 Spellcasting
   Level 0.8 Transmutations
 + Level 22.8 Earth Magic


You had 35 spell levels left.
You knew the following spells:

 Your Spells              Type           Power        Failure   Level
a - Sandblast             Erth           ######       0%          1
b - Lee's Rapid Deconstr  Erth           ######....   0%          5

Your spell library contained the following spells:

 Spells                   Type           Power        Failure   Level
 Passwall                 Tmut/Erth      ######..     1%          2
 Stone Arrow              Conj/Erth      ######       1%          3
 Petrify                  Tmut/Erth      ######..     1%          4


Dungeon Overview and Level Annotations

Branches:
Dungeon (1/1)

Altars:
Ashenzari
Cheibriados
Dithmenos
Elyvilon
Fedhas
Gozag
Hepliaklqana
Kikubaaqudgha
Makhleb
Nemelex Xobeh
Okawaru
Qazlal
Ru
Sif Muna
Trog
Uskayaw
Vehumet
Wu Jian
Xom
Yredelemnul
Zin
The Shining One
Beogh
Jiyva
Lugonu

Shops:
D }


Innate Abilities, Weirdness & Mutations

You are resistant to damage.
You can heal yourself by infusing magical energy.
You passively map the area around you.
You do not regenerate.


Message History

Your magical defenses are stripped away!
Your larval stingfire beast barely misses the orc wizard.
Your larval stingfire beast closely misses the orc wizard.
The orc wizard hits your larval stingfire beast with a +0 dagger.
The phantasmal warrior hits you!
There is an open door here.
Unknown command.
Unknown command.
The orc wizard mumbles some strange words.
The orc wizard flickers and vanishes!
The phantasmal warrior blinks!
The adder skeleton becomes distracted by the nearby gold, dreaming of imaginary riches.
Casting: Sandblast (safe; 0% risk of failure)
Confirm with . or Enter, or press ? or * to list all spells.
Press: ? - help, Dir - move target cursor A metal wall.
The metal wall shatters!
The blast of metal fragments hits the phantasmal warrior but does no damage.
The phantasmal warrior hits you!!
You die...
Your body crumbles into a pile of gold.

''######* **** ** ** )'# #####
######## * * .)###...###..'...#
, , ,+, ...##...##..##...###, ,
#...##'##..###...+.## ,.
##.)........##...#..##* ...**
#..###'###...##)##...#*#Wx.# *
,
..##.....##..#...#..H#oW....,*,
..'.......'..'..@'...{zx....
***
..##.....##..#.W.#...#xZ....
#..###'###...##'##...# #...#
##..........##...#..## , ...
#...##'##..###...'.## , , . , $
...##...##..##...### , , , *$
..###...###..+...# , , # #####
*###### ** * *


You could see a flayed ghost, a phantasmal warrior, 2 small abominations, a
flying skull (summoned), an orc priest, an adder skeleton and a friendly larval
stingfire beast (summoned, confused).

Vanquished Creatures
  A ghost moth (D)
  A death yak (D)
  An orc high priest (D)
  An unseen horror (D)
  2 shadow wraiths (D)
  A deep troll (D)
  A phantasmal warrior (D)
  2 deep elf magi (D)
  A black mamba (D)
  A komodo dragon (D)
  A rime drake (D)
  An ice devil (D)
  An efreet (D)
  A guardian mummy (D)
  A red devil (D)
  A dream sheep (D)
  A redback (D)
  A fire bat (D)
  A floating eye (D)
  An orc warrior (D)
  An ice beast (D)
  A swamp drake (D)
  A centaur (D)
  A gnoll shaman (D)
  An orc priest (D)
  3 iron imps (D)
  2 orc wizards (D)
  5 gnolls (D)
  An adder (D)
  A river rat (D)
  2 oozes (D)
  A leopard gecko (D)
  3 orcs (D)
  A giant cockroach (D)
  A goblin (D)
  3 quokkas (D)
  A bat (D)
  A kobold (D)
52 creatures vanquished.

Vanquished Creatures (collateral kills)
  A manticore (D)
  An elephant (D)
  3 blink frogs (D)
  An orc warrior (D)
  A leopard gecko (D)
  An orc (D)
  A bat (D)
9 creatures vanquished.

Vanquished Creatures (others)
  A tormentor (D)
1 creature vanquished.

Grand Total: 62 creatures vanquished

Notes
Turn   | Place    | Note
-------+----------+-------------------------------------------
     0 | D        | olmar the Deep Dwarf Earth Elementalist began the quest for
                  | the Orb.
     0 | D        | Reached XP level 1. HP: 15/15 MP: 3/3
    35 | D        | Found a glowing golden altar of the Shining One.
    35 | D        | Found a glowing silver altar of Zin.
    35 | D        | Found a basalt altar of Yredelemnul.
    35 | D        | Found a shimmering altar of Xom.
    35 | D        | Found an ornate altar of the Wu Jian Council.
    35 | D        | Found a bloodstained altar of Trog.
    35 | D        | Found a shimmering blue altar of Sif Muna.
    35 | D        | Found a sacrificial altar of Ru.
    35 | D        | Found a stormy altar of Qazlal.
    35 | D        | Found an iron altar of Okawaru.
    35 | D        | Found a sparkling altar of Nemelex Xobeh.
    35 | D        | Found a burning altar of Makhleb.
    35 | D        | Found a viscous altar of Jiyva.
    35 | D        | Found a hazy altar of Hepliaklqana.
    35 | D        | Found an opulent altar of Gozag.
    35 | D        | Found a blossoming altar of Fedhas.
    35 | D        | Found a white marble altar of Elyvilon.
    35 | D        | Found a shadowy altar of Dithmenos.
    35 | D        | Found a snail-covered altar of Cheibriados.
    36 | D        | Found a radiant altar of Vehumet.
    36 | D        | Found a corrupted altar of Lugonu.
    36 | D        | Found a roughly hewn altar of Beogh.
    37 | D        | Found an ancient bone altar of Kikubaaqudgha.
    37 | D        | Found a hide-covered altar of Uskayaw.
    37 | D        | Found a broken altar of Ashenzari.
    39 | D        | Became a worshipper of Gozag Ym Sagoz the Greedy
    48 | D        | Reached skill level 5 in Earth Magic
    81 | D        | Noticed a floating eye
    83 | D        | Paralysed by a floating eye for 3 turns
    86 | D        | Killed a floating eye
    86 | D        | Reached skill level 10 in Earth Magic
    86 | D        | Reached XP level 2. HP: 19/22 MP: 0/7
    86 | D        | Reached XP level 3. HP: 24/28 MP: 0/8
    86 | D        | Reached XP level 4. HP: 31/36 MP: 0/10
   150 | D        | Noticed a deep elf mage
   151 | D        | Reached skill level 11 in Earth Magic
   179 | D        | Killed a deep elf mage
   179 | D        | Reached skill level 15 in Earth Magic
   179 | D        | Reached XP level 5. HP: 20/42 MP: 9/15
   179 | D        | Reached XP level 6. HP: 23/49 MP: 9/16
   226 | D        | Learned a level 5 spell: Lee's Rapid Deconstruction
   236 | D        | Noticed an ice beast
   237 | D        | Killed an ice beast
   237 | D        | Reached XP level 7. HP: 55/55 MP: 10/18
   237 | D        | Noticed a fire bat
   240 | D        | Killed a fire bat
   240 | D        | Reached skill level 16 in Earth Magic
   382 | D        | Noticed a dream sheep
   384 | D        | Killed a dream sheep
   384 | D        | Reached XP level 8. HP: 55/62 MP: 0/21
   466 | D        | Reached skill level 17 in Earth Magic
   541 | D        | Noticed a red devil
   541 | D        | Noticed a deep elf mage
   543 | D        | Killed a red devil
   543 | D        | Reached skill level 10 in Spellcasting
   548 | D        | Killed a deep elf mage
   548 | D        | Reached skill level 18 in Earth Magic
   710 | D        | Noticed a rime drake
   710 | D        | Noticed a death yak
   711 | D        | Killed a rime drake
   711 | D        | Gained mutation: You passively map the area around you.
                  | [Deep Dwarf growth]
   711 | D        | Reached XP level 9. HP: 68/68 MP: 18/24
   713 | D        | Killed a death yak
   713 | D        | Reached skill level 19 in Earth Magic
   714 | D        | Noticed an elephant
   722 | D        | Bought a tin of tremorstones (3/3) for 520 gold pieces
   722 | D        | Bought a box of beasts (3/3) for 260 gold pieces
   732 | D        | Noticed an orc high priest
   743 | D        | Killed a shadow wraith
   749 | D        | Killed an elephant
   751 | D        | Killed an orc high priest
   751 | D        | Reached skill level 20 in Earth Magic
   751 | D        | Reached XP level 10. HP: 43/75 MP: 1/27
   808 | D        | Killed an unseen horror
   889 | D        | Killed a shadow wraith
   889 | D        | Reached skill level 21 in Earth Magic
   895 | D        | Noticed a manticore
   900 | D        | Killed a manticore
   973 | D        | Noticed a phantasmal warrior
   977 | D        | Killed a phantasmal warrior
  1058 | D        | Noticed a deep troll
  1058 | D        | Noticed a black mamba
  1062 | D        | Killed a black mamba
  1062 | D        | Reached skill level 22 in Earth Magic
  1063 | D        | Killed a deep troll
  1063 | D        | Reached skill level 15 in Spellcasting
  1080 | D        | Reached XP level 11. HP: 61/81 MP: 2/30
  1157 | D        | Killed a ghost moth
  1188 | D        | Noticed a phantasmal warrior
  1188 | D        | Noticed a vampire mage
  1193 | D        | Noticed a flayed ghost
  1197 | D        | Slain by a phantasmal warrior

Illustrated notes

Levels and vault maps discovered:
D:        pitsprint [storerooms_1, entrance_room_1, metal_vault_5, armoury_2,
          mini_pit_1, grid_room_1, main_hall_1, silver_pit, the_coven_1,
          the_vestibule_1, steel_vault_4, golden_pit, hallway_of_sentries,
          crystal_vault_1, iron_vault_4, final_vault]

Skill      XL: |  1  2  3  4  5  6  7  8  9 10 |
---------------+-------------------------------+-----
Spellcasting   | 4 7 8 9 11 13 15 | 15.7
Earth Magic    | 10 15 16 18 20 22 | 22.8
Dodging        | |  2.1
Stealth        | |  2.4
Transmutations | |  0.8

Action                   |  1- 3 |  4- 6 |  7- 9 | 10-12 || total
-------------------------+-------+-------+-------+-------++-------
Melee: Unarmed           |     2 |       |       |       ||     2
 Cast: Sandblast         |     6 |    12 |     5 |    11 ||    34
       Lee's Rapid Decon |       |       |    17 |    20 ||    37
Invok: Call Merchant     |       |       |     1 |       ||     1
Evoke: Box of beasts     |       |       |     6 |    12 ||    18
       Tin of tremorston |       |       |       |     2 ||     2
  Use: Potion            |     1 |     5 |     3 |    15 ||    24
       Scroll            |       |       |       |     2 ||     2
Armor: Robe              |     1 |       |     4 |     2 ||     7
Dodge: Dodged            |     3 |     3 |     8 |     7 ||    21

Table legend: (Time is in decaauts)
 A = Elapsed time spent in this place.
 B = Non-inter-level travel time spent in this place.
 C = Inter-level travel time spent in this place.
 D = Time resting spent in this place.
 E = Time spent auto-exploring this place.
 F = Levels seen in this place.
 G = Mean time per level.
                   A        B        C        D        E       F      G
               +--------+--------+--------+--------+--------+-----+--------+
         Total |   1176 |   1107 |     69 |    524 |      0 |   1 | 1176.0 |
       Dungeon |   1176 |   1107 |     69 |    524 |      0 |   1 | 1176.0 |
               +--------+--------+--------+--------+--------+-----+--------+

Top non-repeatable levels by time:
       D: 1176 daAuts
